 Dungeon Sprint DCSS version 0.22-a0-136-g83a10e5 (webtiles) character file.

7681 esc the Thaumaturge (level 11, -2/90 HPs)
             Began as a Gnoll Fire Elementalist on Feb 2, 2018.
             Was a High Priest of Sif Muna.
             Slain by a demonic crawler (4 damage)
             ... in the Dungeon (Sprint IV: "Fedhas' Mad Dash") on Feb 3, 2018.
             The game lasted 00:28:11 (3353 turns).

esc the Thaumaturge (Gnoll Fire Elementalist)       Turns: 3353, Time: 00:28:12

Health: -2/90      AC:  2    Str: 13      XL:     11   Next: 19%
Magic:  1/25       EV: 20    Int: 17 (18) God:    Sif Muna [*****.]
Gold:   102        SH:  0    Dex: 16      Spells: 3/31 levels left

rFire    + . .     SeeInvis .   r - staff of fire {rF+}
rCold    . . .     Gourm    .   (no shield)
rNeg     . . .     Faith    .   a - +0 robe
rPois    .         Spirit   .   (no helmet)
rElec    .         Reflect  .   (no cloak)
rCorr    .         Harm     .   (no gloves)
MR       .....     NoTele   +   (no boots)
Stlth    +++++.....             j - amulet of invisibility {+Inv}
HPRegen  0.25/turn              (no ring)
MPRegen  0.19/turn              (no ring)

@: studying Earth Magic, no casting
A: distributed training, fangs 1, strong nose
a: Stop Divine Energy, Channel Magic, Forget Spell, Renounce Religion, Evoke
Invisibility


You were in the Dungeon.
You worshipped Sif Muna.
Sif Muna was extremely pleased with you.
You were hungry.

You visited 1 branch You collected 242 gold pieces.
You spent 140 gold pieces at shops.

Inventory:

Hand Weapons
 o - a +0 dagger
   (You took it off a spriggan in the Dungeon)
 q - a +0 glaive
   (You found it in the Dungeon)
Armour
 a - a +0 robe (worn)
 l - a +0 ring mail
   (You found it in the Dungeon)
Magical Staves
 r - an uncursed staff of fire (weapon) {rF+}
   (You found it in the Dungeon)
Jewellery
 j - the amulet of invisibility (around neck) {+Inv}
   (You found it in the Dungeon)

   [amulet of nothing]

   It lets you turn invisible.
 n - an uncursed amulet of guardian spirit {Spirit}
   (You found it in the Dungeon)
Scrolls
 i - a scroll of blinking {!r}
 k - a scroll of magic mapping {unknown}
 m - a scroll of amnesia {unknown}
 p - 2 scrolls of identify {unknown}
Potions
 d - a potion of curing
 e - a potion of heal wounds
 f - a potion of haste
 g - 2 potions of magic
 h - a potion of berserk rage {!q}
Books
 b - a book of Flames
 t - Sif Muna's Compendium of Bewitching Dislocation
   (Sif Muna gifted it to you in the Dungeon)

   Spells                             Type                      Level
   a - Corona                         Hexes                        1
   b - Recall                         Summoning/Translocation      3
   c - Teleport Other                 Translocation                3
   d - Force Lance                    Conjuration/Translocation    4
   e - Passage of Golubria            Translocation                4
   f - Metabolic Englaciation         Hexes/Ice                    5
 u - a book of Minor Magic
   (You found it in the Dungeon)
 w - Sif Muna's Handbook of Curses
   (Sif Muna gifted it to you in the Dungeon)

   Spells                             Type                      Level
   a - Portal Projectile              Hexes/Translocation          3
   b - Confuse                        Hexes                        3
   c - Fulminant Prism                Conjuration/Hexes            4
   d - Summon Mana Viper              Hexes/Summoning              5
   e - Yara's Violent Unravelling     Hexes/Transmutation          5
 x - a manual of Earth Magic {!d}
   (You found it in the Dungeon)
Miscellaneous
 c - a lamp of fire
   (You found it in the Dungeon)
Comestibles
 s - a ration


   Skills:
 + Level 9.8 Fighting
 + Level 9.8 Short Blades
 + Level 9.8 Long Blades
 + Level 9.8 Axes
 + Level 9.8 Maces & Flails
 + Level 9.8 Polearms
 + Level 9.8 Staves
 + Level 9.8 Slings
 + Level 9.8 Bows
 + Level 9.8 Crossbows
 + Level 9.8 Throwing
 + Level 9.8 Armour
 + Level 10.7 Dodging
 + Level 10.6 Stealth
 + Level 9.8 Shields
 + Level 9.8 Unarmed Combat
 + Level 10.9 Spellcasting
 + Level 8.5 Conjurations
 + Level 8.2 Hexes
 + Level 8.2 Charms
 + Level 8.2 Summonings
 + Level 8.2 Necromancy
 + Level 8.2 Translocations
 + Level 8.2 Transmutations
 + Level 9.9 Fire Magic
 + Level 8.2 Ice Magic
 + Level 8.2 Air Magic
 + Level 8.8 Earth Magic
 + Level 8.2 Poison Magic
 + Level 10.6 Invocations
 + Level 9.8 Evocations


You had 3 spell levels left.
You knew the following spells:

 Your Spells              Type           Power        Failure   Level  Hunger
a - Flame Tongue          Conj/Fire      #####        1%          1    None
b - Passage of Golubria   Tloc           N/A          2%          4    ###....
c - Conjure Flame         Conj/Fire      ######..     1%          3    None
d - Blink                 Tloc           N/A          1%          2    None
e - Mephitic Cloud        Conj/Pois/Air  #####...     1%          3    None
f - Summon Mana Viper     Hex/Summ       #####...     7%          5    #####..
g - Fulminant Prism       Conj/Hex       #####.....   2%          4    ###....
s - Sticky Flame          Conj/Fire      ######..     1%          4    ###....
x - Throw Flame           Conj/Fire      ######       1%          2    None


Dungeon Overview and Level Annotations

Branches:
Dungeon (1/1)

Altars:
Cheibriados
Dithmenos
Elyvilon
Gozag
Hepliaklqana
Kikubaaqudgha
Makhleb
Nemelex Xobeh
Okawaru
Qazlal
Ru
Sif Muna
Trog
Uskayaw
Vehumet
Wu Jian
Xom
Yredelemnul
Zin
The Shining One
Beogh
Jiyva
Lugonu

Shops:
D [%[[}?:*


Innate Abilities, Weirdness & Mutations

Your experience applies equally to all skills.
You have very sharp teeth.
Your uncanny sense of smell can sniff out nearby items.


Message History

The demonic crawler hits you.
* * * LOW HITPOINT WARNING * * *
The demonic crawler closely misses you.
You take 6 damage, and have 15/90 hp.
Unknown command.
Unknown command.
Unknown command.
You feel you are being watched by something.
Unknown command.
You feel you are being watched by something.
Unknown command.
You feel you are being watched by something.
You feel your power leaking away. The demonic crawler closely misses you.
The demonic crawler completely misses you.
The demonic crawler misses you.
Things that are here:
a vampiric lajatang {!w}; a robe; an inedible chunk of flesh {@w0} Unknown command.
Unknown command.
There is an open door, spattered with blood here.
Unknown command.
Unknown command.
There is an open door here.
Unknown command.
Unknown command.
The demonic crawler completely misses you.
The demonic crawler closely misses you. The demonic crawler hits you.
* * * LOW HITPOINT WARNING * * *
You take 4 damage, and have 13/90 hp.
Unknown command.
Unknown command.
Unknown command.
Unknown command.
Here: a demonic crawler (clinging)
The floor.
Okay, then.
Unknown command.
Sif Muna will now grant you divine energy when your reserves of magic are depleted.
You will briefly lose access to your magic after casting a spell in this manner.
Okay, then.
Unknown command.
Unknown command.
Okay, then.
Unknown command.
You blink.
Sif Muna grants you divine energy.
You briefly lose access to your magic!
You now have 0/25 mp.
Sif Muna stops granting you divine energy.
You regain access to your magic.
You feel you are being watched by something.
You feel your power leaking away.
You now have 0/25 mp.
You feel you are being watched by something.
You feel your power leaking away.
There is an open door here.
You now have 0/25 mp.
You feel you are being watched by something.
Unknown command.
Unknown command.
You feel you are being watched by something.
The demonic crawler misses you. The demonic crawler closely misses you.
The demonic crawler completely misses you.
You feel you are being watched by something.
You feel your power leaking away.
Unknown command.
The demonic crawler closely misses you. The demonic crawler hits you.
* * * LOW HITPOINT WARNING * * *
The demonic crawler misses you.
Unknown command.
Unknown command.
You feel you are being watched by something.
Unknown command.
There is an open door here.
Unknown command.
Unknown command.
Sif Muna will now grant you divine energy when your reserves of magic are depleted.
You will briefly lose access to your magic after casting a spell in this manner.
You blink.
Sif Muna grants you divine energy.
You briefly lose access to your magic!
You feel you are being watched by something.
Something hits you!
* * * LOW HITPOINT WARNING * * *
Deactivating autopickup; reactivate with Ctrl-A.
Something hits you.
* * * LOW HITPOINT WARNING * * *
You feel dopey. Something completely misses you.
You take 15 damage, and have 2/90 hp.
Unknown command.
Unknown command.
Quiver which item? (- for none, * to show all) (? for menu, Esc to quit)
Okay, then.
Unknown command.
Unknown command.
The demonic crawler closely misses you. The demonic crawler barely misses you.
The demonic crawler hits you.
You die...

#<..P#.....#.....#.⌠._._._._
#PP..'%(...'.#...'.._._._._.
#PPPP#.....#.#...#..._._._._
###############'##.._._._._.
#...♣........'...#._._._._._
#......♣.....#...###########
#.....♣..♣..######♣♣♣♣♣..♣)#
##'####'######..'......♣..♣#
#..#....§..@....#♣..♣♣♣.♣)s#
#..#..###.s.....#.♣♣..♣...♣'
####### ####################
∆∆ ........P......# #
.........(...P(#####
...)..)P.....P.%....
.............P...###
###'############## ..


You could see a demonic crawler.

Vanquished Creatures
  Agnes (D)
  A spriggan berserker (D)
  A spriggan druid (D)
  6 oklob plants (D)
  A demonic crawler (D)
  3 wandering mushrooms (D)
  3 burning bushes (D)
  3 hornets (D)
  A queen bee (D)
  4 killer bees (D)
  2 scorpions (D)
  5 oklob saplings (D)
  A worker ant (D)
  6 spriggans (D)
  A river rat (D)
  A rat (D)
  A ballistomycete (D)
41 creatures vanquished.

Vanquished Creatures (others)
  A spriggan (D)
  2 ballistomycetes (D)
  2 ballistomycete spores (D)
  2 fulminant prisms (D)
7 creatures vanquished.

Grand Total: 48 creatures vanquished

Notes
Turn   | Place    | Note
-------+----------+-------------------------------------------
     0 | D        | esc the Gnoll Fire Elementalist began the quest for the Orb.
     0 | D        | Reached XP level 1. HP: 13/13 MP: 6/6
     7 | D        | Reached skill level 1 in Fighting
     7 | D        | Reached skill level 1 in Short Blades
     7 | D        | Reached skill level 1 in Long Blades
     7 | D        | Reached skill level 1 in Axes
     7 | D        | Reached skill level 1 in Maces & Flails
     7 | D        | Reached skill level 1 in Polearms
     7 | D        | Reached skill level 1 in Staves
     7 | D        | Reached skill level 1 in Slings
     7 | D        | Reached skill level 1 in Bows
     7 | D        | Reached skill level 1 in Crossbows
     7 | D        | Reached skill level 1 in Throwing
     7 | D        | Reached skill level 1 in Armour
     7 | D        | Reached skill level 1 in Shields
     7 | D        | Reached skill level 1 in Unarmed Combat
     7 | D        | Reached skill level 5 in Spellcasting
     7 | D        | Reached skill level 2 in Conjurations
     7 | D        | Reached skill level 1 in Invocations
     7 | D        | Reached skill level 1 in Evocations
     7 | D        | Reached XP level 2. HP: 21/21 MP: 5/8
    45 | D        | Noticed an oklob sapling
    47 | D        | Killed an oklob sapling
    47 | D        | Reached skill level 5 in Dodging
    47 | D        | Reached skill level 1 in Hexes
    47 | D        | Reached skill level 1 in Charms
    47 | D        | Reached skill level 1 in Summonings
    47 | D        | Reached skill level 1 in Necromancy
    47 | D        | Reached skill level 1 in Translocations
    47 | D        | Reached skill level 1 in Transmutations
    47 | D        | Reached skill level 1 in Ice Magic
    47 | D        | Reached skill level 1 in Air Magic
    47 | D        | Reached skill level 1 in Earth Magic
    47 | D        | Reached skill level 1 in Poison Magic
    47 | D        | Reached skill level 2 in Invocations
    47 | D        | Reached XP level 3. HP: 27/27 MP: 6/9
    51 | D        | Found the amulet of invisibility {+Inv}
    53 | D        | Reached skill level 2 in Fighting
    53 | D        | Reached skill level 2 in Short Blades
    53 | D        | Reached skill level 2 in Long Blades
    53 | D        | Reached skill level 2 in Axes
    53 | D        | Reached skill level 2 in Maces & Flails
    53 | D        | Reached skill level 2 in Polearms
    53 | D        | Reached skill level 2 in Staves
    53 | D        | Reached skill level 2 in Slings
    53 | D        | Reached skill level 2 in Bows
    53 | D        | Reached skill level 2 in Crossbows
    53 | D        | Reached skill level 2 in Throwing
    53 | D        | Reached skill level 2 in Armour
    53 | D        | Reached skill level 2 in Shields
    53 | D        | Reached skill level 2 in Unarmed Combat
    53 | D        | Reached skill level 2 in Evocations
    53 | D        | Reached XP level 4. HP: 27/33 MP: 3/11
   167 | D        | Found an opulent altar of Gozag.
   167 | D        | Found a hazy altar of Hepliaklqana.
   167 | D        | Found a burning altar of Makhleb.
   167 | D        | Found a roughly hewn altar of Beogh.
   167 | D        | Found a sparkling altar of Nemelex Xobeh.
   167 | D        | Found a snail-covered altar of Cheibriados.
   167 | D        | Found a sacrificial altar of Ru.
   167 | D        | Found a deep blue altar of Sif Muna.
   167 | D        | Found a shimmering altar of Xom.
   167 | D        | Found a basalt altar of Yredelemnul.
   168 | D        | Found a viscous altar of Jiyva.
   168 | D        | Found a bloodstained altar of Trog.
   168 | D        | Found an ornate altar of the Wu Jian Council.
   168 | D        | Noticed an oklob sapling priest
   169 | D        | Found an iron altar of Okawaru.
   169 | D        | Found a shadowy altar of Dithmenos.
   169 | D        | Found a glowing silver altar of Zin.
   170 | D        | Found an ancient bone altar of Kikubaaqudgha.
   170 | D        | Found a hide-covered altar of Uskayaw.
   171 | D        | Found a stormy altar of Qazlal.
   171 | D        | Found a white marble altar of Elyvilon.
   171 | D        | Found a glowing golden altar of the Shining One.
   180 | D        | Killed an oklob sapling priest
   180 | D        | Reached skill level 3 in Fighting
   180 | D        | Reached skill level 3 in Short Blades
   180 | D        | Reached skill level 3 in Long Blades
   180 | D        | Reached skill level 3 in Axes
   180 | D        | Reached skill level 3 in Maces & Flails
   180 | D        | Reached skill level 3 in Polearms
   180 | D        | Reached skill level 3 in Staves
   180 | D        | Reached skill level 3 in Slings
   180 | D        | Reached skill level 3 in Bows
   180 | D        | Reached skill level 3 in Crossbows
   180 | D        | Reached skill level 3 in Throwing
   180 | D        | Reached skill level 3 in Armour
   180 | D        | Reached skill level 5 in Stealth
   180 | D        | Reached skill level 3 in Shields
   180 | D        | Reached skill level 3 in Unarmed Combat
   180 | D        | Reached skill level 3 in Conjurations
   180 | D        | Reached skill level 2 in Hexes
   180 | D        | Reached skill level 2 in Charms
   180 | D        | Reached skill level 2 in Summonings
   180 | D        | Reached skill level 2 in Necromancy
   180 | D        | Reached skill level 2 in Translocations
   180 | D        | Reached skill level 2 in Transmutations
   180 | D        | Reached skill level 6 in Fire Magic
   180 | D        | Reached skill level 2 in Ice Magic
   180 | D        | Reached skill level 2 in Air Magic
   180 | D        | Reached skill level 2 in Earth Magic
   180 | D        | Reached skill level 2 in Poison Magic
   180 | D        | Reached skill level 3 in Invocations
   180 | D        | Reached skill level 3 in Evocations
   181 | D        | Found a corrupted altar of Lugonu.
   181 | D        | Found a radiant altar of Vehumet.
   184 | D        | Became a worshipper of Sif Muna the Loreminder
   277 | D        | Reached skill level 6 in Spellcasting
   277 | D        | Reached XP level 5. HP: 41/41 MP: 0/13
   380 | D        | Learned a level 3 spell: Conjure Flame
   383 | D        | Learned a level 2 spell: Throw Flame
   388 | D        | Learned a level 4 spell: Sticky Flame
   396 | D        | Reached * piety under Sif Muna
   396 | D        | Reached skill level 6 in Dodging
   396 | D        | Reached skill level 3 in Hexes
   396 | D        | Reached skill level 3 in Charms
   396 | D        | Reached skill level 3 in Summonings
   396 | D        | Reached skill level 3 in Necromancy
   396 | D        | Reached skill level 3 in Translocations
   396 | D        | Reached skill level 3 in Transmutations
   396 | D        | Reached skill level 3 in Ice Magic
   396 | D        | Reached skill level 3 in Air Magic
   396 | D        | Reached skill level 3 in Earth Magic
   396 | D        | Reached skill level 3 in Poison Magic
   396 | D        | Reached skill level 4 in Invocations
   398 | D        | Reached skill level 4 in Fighting
   398 | D        | Reached skill level 4 in Short Blades
   398 | D        | Reached skill level 4 in Long Blades
   398 | D        | Reached skill level 4 in Axes
   398 | D        | Reached skill level 4 in Maces & Flails
   398 | D        | Reached skill level 4 in Polearms
   398 | D        | Reached skill level 4 in Staves
   398 | D        | Reached skill level 4 in Slings
   398 | D        | Reached skill level 4 in Bows
   398 | D        | Reached skill level 4 in Crossbows
   398 | D        | Reached skill level 4 in Throwing
   398 | D        | Reached skill level 4 in Armour
   398 | D        | Reached skill level 4 in Shields
   398 | D        | Reached skill level 4 in Unarmed Combat
   398 | D        | Reached skill level 4 in Conjurations
   398 | D        | Reached skill level 4 in Evocations
   398 | D        | Reached XP level 6. HP: 48/48 MP: 1/15
   496 | D        | Found Guduh's Food Shop.
   496 | D        | Found Ruchoe's Armour Emporium.
   504 | D        | Noticed a burning bush
   504 | D        | Noticed a wandering mushroom
   546 | D        | Killed a wandering mushroom
   546 | D        | Reached ** piety under Sif Muna
   546 | D        | Reached skill level 5 in Fighting
   546 | D        | Reached skill level 5 in Short Blades
   546 | D        | Reached skill level 5 in Long Blades
   546 | D        | Reached skill level 5 in Axes
   546 | D        | Reached skill level 5 in Maces & Flails
   546 | D        | Reached skill level 5 in Polearms
   546 | D        | Reached skill level 5 in Staves
   546 | D        | Reached skill level 5 in Slings
   546 | D        | Reached skill level 5 in Bows
   546 | D        | Reached skill level 5 in Crossbows
   546 | D        | Reached skill level 5 in Throwing
   546 | D        | Reached skill level 5 in Armour
   546 | D        | Reached skill level 6 in Stealth
   546 | D        | Reached skill level 5 in Shields
   546 | D        | Reached skill level 5 in Unarmed Combat
   546 | D        | Reached skill level 7 in Spellcasting
   546 | D        | Reached skill level 4 in Hexes
   546 | D        | Reached skill level 4 in Charms
   546 | D        | Reached skill level 4 in Summonings
   546 | D        | Reached skill level 4 in Necromancy
   546 | D        | Reached skill level 4 in Translocations
   546 | D        | Reached skill level 4 in Transmutations
   546 | D        | Reached skill level 4 in Ice Magic
   546 | D        | Reached skill level 4 in Air Magic
   546 | D        | Reached skill level 4 in Earth Magic
   546 | D        | Reached skill level 4 in Poison Magic
   546 | D        | Reached skill level 5 in Invocations
   546 | D        | Reached skill level 5 in Evocations
   546 | D        | Reached XP level 7. HP: 56/56 MP: 7/17
   615 | D        | Noticed a wandering mushroom
   621 | D        | Reached skill level 7 in Dodging
   621 | D        | Reached skill level 7 in Fire Magic
   679 | D        | Killed a wandering mushroom
   679 | D        | Reached skill level 7 in Stealth
   679 | D        | Reached skill level 5 in Conjurations
   679 | D        | Reached skill level 6 in Invocations
   947 | D        | Noticed a queen bee
  1050 | D        | Reached skill level 6 in Fighting
  1050 | D        | Reached skill level 6 in Short Blades
  1050 | D        | Reached skill level 6 in Long Blades
  1050 | D        | Reached skill level 6 in Axes
  1050 | D        | Reached skill level 6 in Maces & Flails
  1050 | D        | Reached skill level 6 in Polearms
  1050 | D        | Reached skill level 6 in Staves
  1050 | D        | Reached skill level 6 in Slings
  1050 | D        | Reached skill level 6 in Bows
  1050 | D        | Reached skill level 6 in Crossbows
  1050 | D        | Reached skill level 6 in Throwing
  1050 | D        | Reached skill level 6 in Armour
  1050 | D        | Reached skill level 6 in Shields
  1050 | D        | Reached skill level 6 in Unarmed Combat
  1050 | D        | Reached skill level 6 in Evocations
  1050 | D        | Reached XP level 8. HP: 64/64 MP: 6/19
  1053 | D        | Reached *** piety under Sif Muna
  1053 | D        | Reached skill level 5 in Hexes
  1053 | D        | Reached skill level 5 in Charms
  1053 | D        | Reached skill level 5 in Summonings
  1053 | D        | Reached skill level 5 in Necromancy
  1053 | D        | Reached skill level 5 in Translocations
  1053 | D        | Reached skill level 5 in Transmutations
  1053 | D        | Reached skill level 5 in Ice Magic
  1053 | D        | Reached skill level 5 in Air Magic
  1053 | D        | Reached skill level 5 in Earth Magic
  1053 | D        | Reached skill level 5 in Poison Magic
  1177 | D        | Killed a queen bee
  1177 | D        | Reached skill level 8 in Spellcasting
  1301 | D        | Noticed an oklob plant
  1320 | D        | Killed an oklob plant
  1320 | D        | Reached skill level 8 in Dodging
  1320 | D        | Reached skill level 8 in Stealth
  1320 | D        | Reached skill level 6 in Conjurations
  1320 | D        | Reached skill level 8 in Fire Magic
  1320 | D        | Reached skill level 7 in Invocations
  1410 | D        | Noticed a burning bush
  1618 | D        | HP: 16/65 [burning bush/puff of flame (16)]
  1906 | D        | Found Ysieriv's Gadget Shoppe.
  1907 | D        | Found Ziria's Magic Scroll Emporium.
  2133 | D        | Killed a burning bush
  2133 | D        | Reached **** piety under Sif Muna
  2133 | D        | Reached skill level 7 in Fighting
  2133 | D        | Reached skill level 7 in Short Blades
  2133 | D        | Reached skill level 7 in Long Blades
  2133 | D        | Reached skill level 7 in Axes
  2133 | D        | Reached skill level 7 in Maces & Flails
  2133 | D        | Reached skill level 7 in Polearms
  2133 | D        | Reached skill level 7 in Staves
  2133 | D        | Reached skill level 7 in Slings
  2133 | D        | Reached skill level 7 in Bows
  2133 | D        | Reached skill level 7 in Crossbows
  2133 | D        | Reached skill level 7 in Throwing
  2133 | D        | Reached skill level 7 in Armour
  2133 | D        | Reached skill level 7 in Shields
  2133 | D        | Reached skill level 7 in Unarmed Combat
  2133 | D        | Reached skill level 7 in Evocations
  2133 | D        | Reached XP level 9. HP: 28/72 MP: 0/21
  2338 | D        | Killed a burning bush
  2338 | D        | Reached skill level 6 in Hexes
  2338 | D        | Reached skill level 6 in Charms
  2338 | D        | Reached skill level 6 in Summonings
  2338 | D        | Reached skill level 6 in Necromancy
  2338 | D        | Reached skill level 6 in Translocations
  2338 | D        | Reached skill level 6 in Transmutations
  2338 | D        | Reached skill level 6 in Ice Magic
  2338 | D        | Reached skill level 6 in Air Magic
  2338 | D        | Reached skill level 6 in Earth Magic
  2338 | D        | Reached skill level 6 in Poison Magic
  2348 | D        | Noticed a burning bush
  2348 | D        | Noticed an oklob plant
  2349 | D        | Noticed a wandering mushroom
  2350 | D        | Killed a burning bush
  2350 | D        | Reached skill level 9 in Spellcasting
  2350 | D        | Reached skill level 8 in Invocations
  2355 | D        | Killed an oklob plant
  2355 | D        | Reached skill level 9 in Dodging
  2366 | D        | Killed a wandering mushroom
  2366 | D        | Reached skill level 9 in Stealth
  2366 | D        | Reached skill level 7 in Conjurations
  2452 | D        | Bought a ration for 70 gold pieces
  2452 | D        | Bought a ration for 70 gold pieces
  2506 | D        | Noticed a spriggan druid
  2508 | D        | Killed a spriggan druid
  2508 | D        | Reached ***** piety under Sif Muna
  2508 | D        | Identified Sif Muna's Compendium of Bewitching Dislocation (Sif Muna gifted it to you in the Dungeon)
  2508 | D        | Received a gift from Sif Muna
  2508 | D        | Reached skill level 8 in Fighting
  2508 | D        | Reached skill level 8 in Short Blades
  2508 | D        | Reached skill level 8 in Long Blades
  2508 | D        | Reached skill level 8 in Axes
  2508 | D        | Reached skill level 8 in Maces & Flails
  2508 | D        | Reached skill level 8 in Polearms
  2508 | D        | Reached skill level 8 in Staves
  2508 | D        | Reached skill level 8 in Slings
  2508 | D        | Reached skill level 8 in Bows
  2508 | D        | Reached skill level 8 in Crossbows
  2508 | D        | Reached skill level 8 in Throwing
  2508 | D        | Reached skill level 8 in Armour
  2508 | D        | Reached skill level 8 in Shields
  2508 | D        | Reached skill level 8 in Unarmed Combat
  2508 | D        | Reached skill level 9 in Invocations
  2508 | D        | Reached skill level 8 in Evocations
  2508 | D        | Reached XP level 10. HP: 80/80 MP: 23/23
  2516 | D        | Learned a level 4 spell: Passage of Golubria
  2528 | D        | Noticed an oklob plant conjurer
  2529 | D        | Killed an oklob plant conjurer
  2548 | D        | Noticed an oklob plant
  2548 | D        | Noticed an oklob plant summoner
  2549 | D        | Noticed an oklob plant shifter
  2553 | D        | Killed an oklob plant
  2553 | D        | Reached skill level 7 in Hexes
  2553 | D        | Reached skill level 7 in Charms
  2553 | D        | Reached skill level 7 in Summonings
  2553 | D        | Reached skill level 7 in Necromancy
  2553 | D        | Reached skill level 7 in Translocations
  2553 | D        | Reached skill level 7 in Transmutations
  2553 | D        | Reached skill level 9 in Fire Magic
  2553 | D        | Reached skill level 7 in Ice Magic
  2553 | D        | Reached skill level 7 in Air Magic
  2553 | D        | Reached skill level 7 in Earth Magic
  2553 | D        | Reached skill level 7 in Poison Magic
  2555 | D        | Killed an oklob plant summoner
  2555 | D        | Reached skill level 10 in Spellcasting
  2558 | D        | Killed an oklob plant shifter
  2641 | D        | Learned a level 2 spell: Blink
  2645 | D        | Learned a level 3 spell: Mephitic Cloud
  2656 | D        | Reached skill level 10 in Dodging
  2658 | D        | Noticed a spriggan rider
  2659 | D        | Found Quemus's Book Emporium.
  2661 | D        | Found Urryg's Assorted Antiques.
  2671 | D        | Identified Sif Muna's Handbook of Curses (Sif Muna gifted it to you in the Dungeon)
  2671 | D        | Received a gift from Sif Muna
  2671 | D        | Reached skill level 9 in Fighting
  2671 | D        | Reached skill level 9 in Short Blades
  2671 | D        | Reached skill level 9 in Long Blades
  2671 | D        | Reached skill level 9 in Axes
  2671 | D        | Reached skill level 9 in Maces & Flails
  2671 | D        | Reached skill level 9 in Polearms
  2671 | D        | Reached skill level 9 in Staves
  2671 | D        | Reached skill level 9 in Slings
  2671 | D        | Reached skill level 9 in Bows
  2671 | D        | Reached skill level 9 in Crossbows
  2671 | D        | Reached skill level 9 in Throwing
  2671 | D        | Reached skill level 9 in Armour
  2671 | D        | Reached skill level 9 in Shields
  2671 | D        | Reached skill level 9 in Unarmed Combat
  2671 | D        | Reached skill level 9 in Evocations
  2678 | D        | Reached skill level 10 in Stealth
  2723 | D        | Learned a level 5 spell: Summon Mana Viper
  2728 | D        | Learned a level 4 spell: Fulminant Prism
  2859 | D        | Noticed Agnes
  2861 | D        | Found Jobrilakh's Antique Armour Emporium.
  2861 | D        | Noticed a spriggan berserker
  2870 | D        | Killed Agnes
  2870 | D        | Reached skill level 8 in Conjurations
  2870 | D        | Reached skill level 8 in Hexes
  2870 | D        | Reached skill level 8 in Charms
  2870 | D        | Reached skill level 8 in Summonings
  2870 | D        | Reached skill level 8 in Necromancy
  2870 | D        | Reached skill level 8 in Translocations
  2870 | D        | Reached skill level 8 in Transmutations
  2870 | D        | Reached skill level 8 in Ice Magic
  2870 | D        | Reached skill level 8 in Air Magic
  2870 | D        | Reached skill level 8 in Earth Magic
  2870 | D        | Reached skill level 8 in Poison Magic
  2870 | D        | Reached skill level 10 in Invocations
  2870 | D        | Reached XP level 11. HP: 36/89 MP: 0/25
  3122 | D        | Killed a spriggan berserker
  3128 | D        | Noticed a spriggan rider
  3281 | D        | Found Suichol's Antique Armour Shoppe.
  3320 | D        | HP: 21/90 [demonic crawler (11)]
  3331 | D        | HP: 13/90 [demonic crawler (4)]
  3348 | D        | HP: 17/90 [demonic crawler (1)]
  3352 | D        | HP: 7/90 [something (11)]
  3352 | D        | HP: 2/90 [something (5)]
  3353 | D        | Slain by a demonic crawler

Vault maps used:
D:        dungeon_sprint_fedhas

Skill      XL: |  1  2  3  4  5  6  7  8  9 10 |
---------------+-------------------------------+-----
Fighting       | 1 2 3 4 5 6 7 8 9 |  9.8
Short Blades   | 1 2 3 4 5 6 7 8 9 |  9.8
Long Blades    | 1 2 3 4 5 6 7 8 9 |  9.8
Axes           | 1 2 3 4 5 6 7 8 9 |  9.8
Maces & Flails | 1 2 3 4 5 6 7 8 9 |  9.8
Polearms       | 1 2 3 4 5 6 7 8 9 |  9.8
Staves         | 1 2 3 4 5 6 7 8 9 |  9.8
Slings         | 1 2 3 4 5 6 7 8 9 |  9.8
Bows           | 1 2 3 4 5 6 7 8 9 |  9.8
Crossbows      | 1 2 3 4 5 6 7 8 9 |  9.8
Throwing       | 1 2 3 4 5 6 7 8 9 |  9.8
Armour         | 1 2 3 4 5 6 7 8 9 |  9.8
Shields        | 1 2 3 4 5 6 7 8 9 |  9.8
Unarmed Combat | 1 2 3 4 5 6 7 8 9 |  9.8
Spellcasting   | 5 6 7 8 9 10 | 10.9
Conjurations   | 2 3 4 5 6 7 8 |  8.5
Invocations    | 1 2 3 4 5 6 7 9 10 | 10.6
Evocations     | 1 2 3 4 5 6 7 8 9 |  9.8
Dodging        | 5 6 7 8 9 10 | 10.7
Hexes          | 1 2 3 4 5 6 8 |  8.2
Charms         | 1 2 3 4 5 6 8 |  8.2
Summonings     | 1 2 3 4 5 6 8 |  8.2
Necromancy     | 1 2 3 4 5 6 8 |  8.2
Translocations | 1 2 3 4 5 6 8 |  8.2
Transmutations | 1 2 3 4 5 6 8 |  8.2
Ice Magic      | 1 2 3 4 5 6 8 |  8.2
Air Magic      | 1 2 3 4 5 6 8 |  8.2
Earth Magic    | 1 2 3 4 5 6 8 |  8.8
Poison Magic   | 1 2 3 4 5 6 8 |  8.2
Stealth        | 5 6 7 8 9 10 | 10.6
Fire Magic     | 6 7 8 9 |  9.9

Action                   |  1- 3 |  4- 6 |  7- 9 | 10-12 || total
-------------------------+-------+-------+-------+-------++-------
Melee: Bite              |     1 |       |     1 |     3 ||     5
       Unarmed           |     1 |       |       |       ||     1
       Dagger            |       |       |    14 |    20 ||    34
       Punch             |       |       |     2 |     4 ||     6
       Staff             |       |       |       |     1 ||     1
 Cast: Flame Tongue      |     7 |    35 |    67 |       ||   109
       Conjure Flame     |       |     1 |     3 |     1 ||     5
       Throw Flame       |       |       |    38 |     6 ||    44
       Sticky Flame      |       |       |     4 |    16 ||    20
       Blink             |       |       |       |     3 ||     3
       Mephitic Cloud    |       |       |       |     2 ||     2
       Fulminant Prism   |       |       |       |     2 ||     2
       Summon Mana Viper |       |       |       |     1 ||     1
Invok: Divine Energy     |       |       |       |     5 ||     5
       Stop Divine Energ |       |       |       |     4 ||     4
 Abil: Evoke Invisibilit |       |     3 |     3 |     4 ||    10
 Stab: Sleeping          |       |       |     4 |     6 ||    10
  Eat: Ration            |       |       |     3 |       ||     3
       Chunk             |       |       |       |     2 ||     2
Armor: Robe              |       |       |       |     1 ||     1
Dodge: Dodged            |       |     1 |    12 |    38 ||    51

Table legend:
 A = Spawn XP
 B = Non-spawn XP
 C = Spawn XP percentage of total XP
 D = Spawn monster count
 E = Non-spawn monster count
 F = Spawn count percentage of total count
 G = Total turns spent on level
                    A         B        C        D         E        F      G
               +---------+---------+-------+---------+---------+-------+---------
         Total |       0 |   10974 |   0.0 |       0 |      40 |   0.0 |  3353
               +---------+---------+-------+---------+---------+-------+---------
             D |       0 |   10974 |   0.0 |       0 |      40 |   0.0 |  3353
               +---------+---------+-------+---------+---------+-------+---------

Vault maps used:
D:        dungeon_sprint_fedhas

Table legend:
 A = Turns spent in this place as a percentage of turns spent in the entire game.
 B = Non-inter-level travel turns spent in this place as a percentage of non-inter-level travel turns spent in the entire game.
 C = Inter-level travel turns spent in this place as a percentage of turns spent in this place.
 D = Turns resting spent in this place as a percentage of non-inter-level travel turns spent in this place.
 E = Turns spent auto-exploring this place as a percentage of non-inter-level travel turns spent in this place.
 F = Non-inter-level travel turns spent in this place divided by the number of levels of this place that you've seen.
                   A       B       C       D       E      F
               +-------+-------+-------+-------+-------+----------------------
         Total | 100.0 | 100.0 |   2.6 |  65.6 |   0.0 | 3266.0
       Dungeon | 100.0 | 100.0 |   2.6 |  65.6 |   0.0 | 3266.0
               +-------+-------+-------+-------+-------+----------------------

Table legend:
 A = Kills in this place as a percentage of kills in entire the game.
 B = Kills by you in this place as a percentage of kills by you in the entire game.
 C = Kills by friends in this place as a percentage of kills by friends in the entire game.
 D = Other kills in this place as a percentage of other kills in the entire game.
 E = Experience gained in this place as a percentage of experience gained in the entire game.
 F = Experience gained in this place divided by the number of levels of this place that you have seen.
                   A       B       C       D       E      F
               +-------+-------+-------+-------+-------+----------------------
         Total | 100.0 | 100.0 |   N/A |   N/A | 100.0 | 10974.0
       Dungeon | 100.0 | 100.0 |   N/A |   N/A | 100.0 | 10974.0
               +-------+-------+-------+-------+-------+----------------------
